 Dungeon Crawl Stone Soup version 0.29.0-4-gdea44cf6ec (webtiles) character file.

Game seed: 15128934731595905630

102 qw the Chopper (level 4, -5/28 HPs)
             Began as a Gargoyle Fighter on Sept 10, 2022.
             Killed from afar by an orc wizard (7 damage)
             ... with a puff of flame
             ... on level 3 of the Dungeon.
             The game lasted 00:00:54 (2378 turns).

qw the Chopper (Gargoyle Fighter)                   Turns: 2378, Time: 00:00:55

Health: -5/28      AC: 17    Str: 21    XL:     4   Next: 78%
Magic:  4/4        EV:  5    Int:  9    God:
Gold:   117        SH:  4    Dex:  9    Spells: 3/3 levels left

rFire   . . .      SeeInvis .   Y - +1 war axe
rCold   . . .      Faith    .   c - +0 buckler
rNeg    + + .      Spirit   .   e - +0 plate armour
rPois   inf        Reflect  .   h - +0 helmet
rElec   +          Harm     .   (no cloak)
rCorr   .          Rampage  .   l - +0 pair of gloves
Will    .....                   (no boots)
Stlth   ..........              (no amulet)
HPRegen 0.09/turn               i - ring of positive energy
MPRegen 0.09/turn               (no ring)

@: no status effects
A: sickness immunity, AC +3, negative energy resistance 1, electricity
resistance, torment resistance 1, petrification resistance
a: no special abilities


You were on level 3 of the Dungeon.
You visited 1 branch of the dungeon, and saw 3 of its levels.

You collected 117 gold pieces.


Innate Abilities, Weirdness & Mutations

You are immune to sickness and miasma.
Your stone body is resilient. (AC +3)
You are immune to poison.
You resist negative energy. (rN+)
You are resistant to electric shocks. (rElec)
You are resistant to unholy torment.
You are immune to petrification.


   Skills:
 - Level 3.2 Fighting
 + Level 4.4 Axes
 - Level 3.2 Armour
 - Level 3.2 Shields


You had 3 spell levels left.
You didn't know any spells.
Your spell library was empty.

Inventory:

Hand Weapons
 f - a +0 whip
 Y - a +1 war axe (weapon)
Armour
 c - a +0 buckler (worn)
 e - a +0 plate armour (worn)
 h - a +0 helmet (worn)
 l - a +0 pair of gloves (worn)
Jewellery
 i - a ring of positive energy (left hand)
Scrolls
 a - a scroll of identify
Potions
 b - a potion of lignification {unknown}
 d - a potion of might
 g - 2 potions of heal wounds
 k - a potion of invisibility {unknown}

Dungeon Overview and Level Annotations

Branches:
Dungeon (3/15)

Altars:


Message History

You hit the orc.
The orc is moderately wounded.
You hit the goblin.
You kill the goblin!
You hit the endoplasm. You miss something.
Something hits you but does no damage. The orc hits you but does no damage.
The endoplasm freezes you.
You are frozen.
The endoplasm hits you but does no damage.
The orc hits you but does no damage. x2; You block something's attack.
You slash the endoplasm!
You kill the endoplasm!
You hit the orc but do no damage. You closely miss something.
You slash something! You slash the orc!
You kill the orc!
Something hits you but does no damage. The orc hits you but does no damage.
Something hits you but does no damage.
You slash the orc!
You kill the orc!
You hit something. You miss something.
Something hits you but does no damage. x2
You closely miss something. You barely miss something.
Something hits you. x2; Something hits you but does no damage. x2
You miss something. You hit something.
Something hits you but does no damage. x2
You closely miss something. You hit something.
Something hits you but does no damage.
You hear some strange, mumbled words.
A puff of flame appears from out of thin air!
The puff of flame misses you.
You closely miss something. You barely miss something.
Something hits you but does no damage. x2
You barely miss something. You closely miss something.
You hear some strange, mumbled words.
A puff of flame appears from out of thin air!
The puff of flame hits you!
You hear some strange, mumbled words.
A puff of flame appears from out of thin air!
The puff of flame hits you!
You die...

#..........####..#.#
#..........# #..#.#
#..........# #..#.#
#..........# #..#.#
#..........# #....#
########.### ##.#.#
#####.### #.##
#...)...#
#..@)...####
#.{.{).......
#.........#.#
#........#...#
#......#.....#
#....#....##.#
#.............#
#...#.#..##...
#...... #.. ...


There were no monsters in sight!

Vanquished Creatures
  Terence (D:2)
  A gnoll (D:1)
  A worm (D:2)
  A dart slug (D:1)
  3 orcs (D:3)
  5 endoplasms
  3 giant cockroaches
  6 goblins
  4 hobgoblins
  5 jackals
  6 kobolds
  3 quokkas
  3 ball pythons
  7 bats
  2 frilled lizards (D:2)
  3 rats (D:1)
54 creatures vanquished.

Notes
Turn   | Place    | Note
-------+----------+-------------------------------------------
     0 | D:1      | qw the Gargoyle Fighter began the quest for the Orb.
     0 | D:1      | Reached XP level 1. HP: 14/14 MP: 1/1
     0 | D:1      | 0 ||| qw: Version: 0.1-a-116-g5d60599
     0 | D:1      | 0 ||| qw: Game counter: 7676
     0 | D:1      | 0 ||| qw: Always use a shield: true
     0 | D:1      | 0 ||| qw: God list: Okawaru
     0 | D:1      | 0 ||| qw: Allow faded altars: false
     0 | D:1      | 0 ||| qw: Do Orc after D:15 true
     0 | D:1      | 0 ||| qw: Do second Lair branch before Depths: true
     0 | D:1      | 0 ||| qw: Lair rune preference: random
     0 | D:1      | 0 ||| qw: Plans: Normal, Zot, God:TSO, Crypt, Tomb, Zig,
                  | Orb
     0 | D:1      | 0 ||| PLANNING D:1-11
    33 | D:1      | Reached skill level 2 in Axes
   125 | D:1      | 125 ||| Stepping ~*~*~tactically~*~*~ (hiding).
   137 | D:1      | Reached XP level 2. HP: 19/19 MP: 2/2
   210 | D:1      | Found a faded altar of an unknown god.
   522 | D:1      | 522 ||| Stepping ~*~*~tactically~*~*~ (stealth).
   529 | D:1      | 529 ||| Stepping ~*~*~tactically~*~*~ (stealth).
   533 | D:1      | Reached skill level 3 in Axes
   533 | D:1      | Reached XP level 3. HP: 20/23 MP: 3/3
   553 | D:1      | 553 ||| Stepping ~*~*~tactically~*~*~ (stealth).
   609 | D:1      | 609 ||| Stepping ~*~*~tactically~*~*~ (stealth).
   664 | D:1      | 664 ||| Stepping ~*~*~tactically~*~*~ (stealth).
  1066 | D:1      | 1066 ||| UPGRADING to +0 plate armour.
  1076 | D:1      | 1076 ||| DROPPING +0 scale mail.
  1077 | D:1      | 1077 ||| UPGRADING to +0 helmet.
  1082 | D:1      | 1082 ||| UPGRADING to ring of positive energy.
  1083 | D:1      | 1083 ||| READING 3 scrolls labelled TEIGRE UGRAAHEL.
  1084 | D:1      | 1084 ||| READING scroll labelled FENUOD PEDAM.
  1085 | D:1      | 1085 ||| DRINKING 3 murky green potions.
  1086 | D:1      | 1086 ||| READING 2 scrolls of identify.
  1086 | D:1      | 1086 ||| IDENTIFYING red potion
  1087 | D:1      | 1087 ||| DROPPING potion of berserk rage.
  1297 | D:2      | 1297 ||| Stepping ~*~*~tactically~*~*~ (stealth).
  1349 | D:2      | Noticed Terence
  1350 | D:2      | 1350 ||| Stepping ~*~*~tactically~*~*~ (hiding).
  1367 | D:2      | Killed Terence
  1368 | D:2      | Reached skill level 4 in Axes
  1368 | D:2      | Reached XP level 4. HP: 13/28 MP: 4/4
  1578 | D:2      | 1578 ||| Stepping ~*~*~tactically~*~*~ (stealth).
  1610 | D:2      | 1610 ||| DROPPING +0 club.
  1748 | D:2      | 1748 ||| Stepping ~*~*~tactically~*~*~ (stealth).
  1752 | D:2      | 1752 ||| Stepping ~*~*~tactically~*~*~ (stealth).
  1763 | D:2      | 1763 ||| Stepping ~*~*~tactically~*~*~ (stealth).
  1795 | D:2      | 1795 ||| Stepping ~*~*~tactically~*~*~ (stealth).
  2129 | D:2      | 2129 ||| UPGRADING to +0 pair of gloves.
  2134 | D:2      | 2134 ||| READING scroll labelled FEUTIU XI POBOSH.
  2135 | D:2      | 2135 ||| READING scroll labelled YZIF TIHE PEC.
  2378 | D:3      | HP: 2/28 [something/puff of flame (13)]
  2378 | D:3      | Killed from afar by an orc wizard

Levels and vault maps discovered:
D:1:      psy_arrival_basics, layout_basic, basic_ecumenical_altar,
          grunt_decor_cap, palyth_stone_intersect
D:2:      layout_basic, uniq_terence
D:3:      minmay_chambers_of_threes, layout_basic, hangedman_decor_peaks_small,
          minmay_checkerbox

Skill      XL: |  1  2  3 |
---------------+----------+-----
Axes           | 2 3 4 |  4.4
Fighting       | |  3.2
Armour         | |  3.2
Shields        | |  3.2

Action                   |  1- 3 |  4- 6 || total
-------------------------+-------+-------++-------
Melee: War axe           |    96 |    71 ||   167
  Use: Scroll            |     3 |     2 ||     5
       Potion            |     1 |       ||     1
Armor: Scale mail        |    25 |       ||    25
       Plate armour      |    18 |    82 ||   100
Dodge: Dodged            |    42 |    23 ||    65
Block: Buckler           |    19 |    11 ||    30

Table legend:
 A = Non-vault XP
 B = Vault XP
 C = Vault XP percentage of total XP
 D = Non-vault monster count
 E = Vault monster count
 F = Vault count percentage of total count
                 A         B        C        D         E       F
            +---------+---------+-------+---------+---------+-------
      Total |     111 |      36 |  24.5 |      53 |       1 |   1.9
            +---------+---------+-------+---------+---------+-------
        D:1 |      55 |       0 |   0.0 |      24 |       0 |   0.0
        D:2 |      38 |      36 |  48.6 |      20 |       1 |   4.8
        D:3 |      18 |       0 |   0.0 |       9 |       0 |   0.0
            +---------+---------+-------+---------+---------+-------
